 Dungeon Crawl Stone Soup version 0.27.0 (webtiles) character file.

Game seed: 2343822893360897252

19 Spectrina the Conjurer (level 2, 0/20 HPs)
             Began as a Palentonga Conjurer on July 31, 2021.
             Slain by Eustachio (8 damage)
             ... on level 4 of the Dungeon.
             The game lasted 00:06:55 (734 turns).

Spectrina the Conjurer (Palentonga Conjurer)         Turns: 734, Time: 00:06:55

Health: 0/20       AC:  4    Str:  7 (10) XL:     2   Next: 55%
Magic:  1/5        EV:  9    Int: 15 (18) God:
Gold:   31         SH:  0    Dex:  7 (8)  Spells: 2/5 levels left

rFire    . . .     SeeInvis +   d - +0 dagger
rCold    . . .     Faith    .   (no shield)
rNeg     . . .     Spirit   .   a - +0 robe
rPois    .         Reflect  .   (no helmet)
rElec    .         Harm     .   (no cloak)
rCorr    .         Rampage  .   (no gloves)
Will     .....                  (no barding)
Stlth    +.........             (no amulet)
HPRegen  0.06/turn              b - ring of flight
MPRegen  0.09/turn              n - ring of wizardry

@: attractive, flying
A: large, rugged brown scales 3, see invisible, deformed body, roll 1, armoured
tail
a: Rolling Charge


You were on level 4 of the Dungeon.
You visited 1 branch of the dungeon, and saw 4 of its levels.

You collected 31 gold pieces.

Inventory:

Hand Weapons
 d - a +0 dagger (weapon)
Missiles
 e - 39 stones
 f - 11 arrows
 g - 30 sling bullets
 h - 14 bolts
Armour
 a - a +0 robe (worn)
Jewellery
 b - a ring of flight (left hand)
 n - a ring of wizardry (right hand)
Scrolls
 c - a scroll of magic mapping {unknown}
 k - 2 scrolls of blinking {unknown}
 l - a scroll of teleportation {unknown}
 o - a scroll of identify {unknown}
 q - a scroll of fear {unknown}
Potions
 i - a potion of heal wounds {unknown}
 p - a potion of haste {unknown}


   Skills:
 - Level 1.5 Dodging
 - Level 1.2 Stealth
 - Level 2.0 Spellcasting
 + Level 4.3 Conjurations


You had 2 spell levels left.
You knew the following spells:

 Your Spells              Type           Power      Damage    Failure   Level
a - Magic Dart            Conj           56%        1d5       1%          1
f - Searing Ray           Conj           28%        3d4       2%          2

Your spell library contained the following spells:

 Spells                   Type           Power      Damage    Failure   Level
 Dazzling Flash           Conj/Hex       16%        N/A       11%         3
 Fulminant Prism          Conj/Hex       4%         3d6       32%         4
 Iskenderun's Mystic Bla  Conj/Tloc      8%         2d4       32%         4


Dungeon Overview and Level Annotations

Branches:
Dungeon (4/15)
 Temple: D:4-7

Altars:

Shops:
D:3 (

Annotations:
D:4 Eustachio


Innate Abilities, Weirdness & Mutations

You are completely covered in rugged brown scales. (AC +3, +7% HP)
You have supernaturally acute eyesight. (SInv)
Armour fits poorly on your strangely shaped body.
You can roll at nearby foes to attack.
You have a long armoured tail.


Message History

Things that are here:
a +0 club; a +0 chain mail
Things that are here:
a +0 whip; an orc corpse You see here a +0 flail.
q - a scroll labelled NAOCIS RIATZA You see here a +0 robe.
You reach down and open the door.
There is an open door here.
Eustachio the Magnificent comes into view.
He is wielding a +0 rapier and wearing a +1 leather armour of poison resistance.
Eustachio shouts!
You aren't carrying any items that you can evoke.
Casting: Magic Dart (safe; 1% risk of failure)
Confirm with . or Enter, or press ? or * to list all spells.
Aiming: Searing Ray (safe; 1% risk of failure)
Press: ? - help, Shift-Dir - straight line, f - Eustachio
Aim: Eustachio, wielding a +0 rapier and wearing a +1 leather armour of poison resistance (69% to hit)
The searing ray misses Eustachio. (Press . to maintain the ray.) Unknown command.
The searing ray hits Eustachio.
Eustachio is lightly wounded.
Eustachio mumbles some strange words.
Unknown command.
The searing ray misses Eustachio.
The searing ray hits the bat.
You kill the bat!
The bat's corpse disappears in a puff of smoke!
You closely miss Eustachio. You tail-slap Eustachio!
Eustachio is moderately wounded.
Eustachio hits you with a +0 rapier.
It was a potion of attraction.
You feel attractive to monsters.
Eustachio mumbles some strange words.
The quokka is pulled toward you!
Unknown command.
It was a potion of degeneration.
There was something very wrong with that liquid.
You feel weakened.
You feel dopey.
You feel clumsy. Eustachio hits you with a +0 rapier!
You die...

### #.# #.# #..
######### .........
> ....ยง...### .
....r.rr..# # #@#.#
#@#.# #r..# ##..#
#..# #..# #..#
########### #..#
#.........# ##.##
#.....[...######..#


You could see Eustachio, 2 river rats and a quokka (summoned).

Vanquished Creatures
  4 orcs (D:4)
  A giant cockroach (D:3)
  2 goblins
  2 hobgoblins
  A kobold (D:1)
  A ball python (D:1)
  2 frilled lizards
  A rat (D:2)
14 creatures vanquished.

Notes
Turn   | Place    | Note
-------+----------+-------------------------------------------
     0 | D:1      | Spectrina the Palentonga Conjurer began the quest for the
                  | Orb.
     0 | D:1      | Reached XP level 1. HP: 13/13 MP: 3/3
   242 | D:2      | Reached skill level 4 in Conjurations
   255 | D:3      | Reached XP level 2. HP: 14/20 MP: 5/5
   258 | D:3      | Learned a level 2 spell: Searing Ray
   274 | D:3      | Found Plog's Antique Weapon Boutique.
   727 | D:4      | Noticed Eustachio
   734 | D:4      | Slain by Eustachio

Illustrated notes

Levels and vault maps discovered:
D:1:      minmay_arrival_four_loops, layout_loops_corners
D:2:      layout_loops_ring
D:3:      layout_basic, serial_shops, nicolae_diamond_shop
D:4:      layout_basic, serial_rivers, chequers_serial_rivers_micro_e,
          chequers_serial_rivers_room_b, chequers_serial_rivers_room_b,
          chequers_serial_rivers_large_a, chequers_serial_rivers_small_b,
          eino_curves_03, uniq_eustachio

Skill      XL: |  1 |
---------------+----+-----
Conjurations   | 4 |  4.3
Dodging        | |  1.5
Stealth        | |  1.2
Spellcasting   | |  2.0

Action                   || total
-------------------------++-------
Melee: Unarmed           ||     8
       Dagger            ||    29
       Tailslap          ||     3
 Cast: Magic Dart        ||    27
       Searing Ray       ||     1
 Abil: Rolling Charge    ||     1
  Use: Potion            ||     2
Armor: Robe              ||     6
Dodge: Dodged            ||    13
